 Dungeon Crawl Stone Soup version 0.29.1-15-g9cfb28693d (webtiles) character file.

Game seed: 4273264942578712221

238 EarthwalkerPL the Covered (level 5, -1/48 HPs)
             Began as a Minotaur Fighter on Feb 22, 2023.
             Was a Follower of Okawaru.
             Slain by a mummy (15 damage)
             ... on level 4 of the Dungeon.
             The game lasted 00:03:52 (2720 turns).

EarthwalkerPL the Covered (Minotaur Fighter)        Turns: 2720, Time: 00:03:53

Health: -1/48      AC:  8    Str: 23    XL:     5   Next: 78%
Magic:  4/4        EV:  9    Int:  5    God:    Okawaru [*.....]
Gold:   189        SH:  4    Dex:  9    Spells: 4/4 levels left

rFire   . . .      SeeInvis .   a - +0 war axe
rCold   . . .      Faith    .   c - +0 buckler
rNeg    + . .      Spirit   .   b - +0 scale mail
rPois   .          Reflect  .   (helmet restricted)
rElec   .          Harm     .   (no cloak)
rCorr   .          Rampage  .   (no gloves)
Will    .....                   v - +0 pair of boots
Stlth   ..........              (no amulet)
HPRegen 0.16/turn               g - ring of positive energy
MPRegen 0.09/turn               (no ring)

@: no status effects
A: horns 2, retaliatory headbutt
a: Renounce Religion, Heroism


You were on level 4 of the Dungeon.
You worshipped Okawaru.
Okawaru was aware of your devotion.
You visited 1 branch of the dungeon, and saw 4 of its levels.

You collected 189 gold pieces.

Inventory:

Hand Weapons
 a - a +0 war axe (weapon)
Missiles
 j - 12 boomerangs
 m - 4 javelins
 s - 8 poisoned darts (quivered)
Armour
 b - a +0 scale mail (worn)
 c - a +0 buckler (worn)
 v - a +0 pair of boots (worn)
Jewellery
 g - a ring of positive energy (left hand)
 t - a ring of ice
Wands
 n - a wand of iceblast (9)
 p - a wand of flame (13)
Scrolls
 e - a scroll of immolation {unknown}
 f - a scroll of summoning {unknown}
 i - a scroll of teleportation {unknown}
 o - 2 scrolls of identify {unknown}
 q - a scroll of noise {unknown}
 r - a scroll of fear {unknown}
 u - a scroll of poison {unknown}
 x - a scroll of fog {unknown}
Potions
 d - a potion of might
 h - 2 potions of attraction {unknown}
 k - 3 potions of curing {unknown}
 l - 2 potions of degeneration {unknown}
 w - a potion of lignification {unknown}


   Skills:
 * Level 5.1 Fighting
 * Level 4.4 Axes
 * Level 5.2 Armour
 + Level 4.4 Shields


You had 4 spell levels left.
You didn't know any spells.
Your spell library was empty.

Dungeon Overview and Level Annotations

Branches:
Dungeon (4/15)
 Temple: D:4-7

Altars:
Okawaru

Portals:
Ossuary: D:4


Innate Abilities, Weirdness & Mutations

You have a pair of horns on your head.
You reflexively headbutt those who attack you in melee.


Message History

You hit the kobold.
You kill the kobold!
Okawaru accepts your kill.
You hear the slow rusting of a very distant drain.
You hear the slow hiss of a distant avalanche of sand.
You see here a +0 short sword.
An adder comes into view.
The adder hisses angrily.
You block the adder's attack.
You miss the adder. The adder barely misses you. The adder bites you.
* * * LOW HITPOINT WARNING * * *
You miss the adder. The adder barely misses you.
You closely miss the adder. The adder closely misses you.
You block the adder's attack.
You miss the adder. The adder misses you.
The adder bites you but does no damage.
You barely miss the adder. The adder barely misses you.
You furiously retaliate!
You headbutt the adder! You block the adder's attack.
You barely miss the adder.
The adder is severely wounded.
The adder bites you but does no damage.
You slash the adder!
You kill the adder!
Okawaru accepts your kill.
You can now gain great but temporary skills.
You see here an adder corpse.
Found a scroll labelled OTAHAN ENUAWOA.
Found 13 gold pieces and a scroll labelled YFOPOXITOE.
Found a stone staircase leading down.
You open the door.
A mummy comes into view.
Found a sand-covered staircase.
Found a stone staircase leading down.
There is an open door here.
The mummy hits you but does no damage.
You barely miss the mummy. You hit the mummy.
The mummy is lightly damaged.
The mummy hits you!
You die...

..#
.######..####...
...
....$.....>.....
..##
#...........?...
.#.
.?..##..........
#.. #.#..###..>.
#...##....###....
#................
...#####'#####.#
.. #..@..#
##.M.## ##∩## ###


You could see a mummy.

Vanquished Creatures
  An ogre (D:4)
  An orc wizard (D:3)
  6 adders
  A worm (D:2)
  3 dart slugs
  5 orcs (D:3)
  4 ball pythons
  An endoplasm (D:1)
  2 giant cockroaches (D:3)
  8 goblins
  3 hobgoblins
  7 jackals
  2 quokkas (D:1)
  6 bats
  2 frilled lizards
  8 kobolds
  4 rats
64 creatures vanquished.

Vanquished Creatures (others)
  2 fungi (D:3)
  5 plants (D:3)
7 creatures vanquished.

Grand Total: 71 creatures vanquished

Notes
Turn   | Place    | Note
-------+----------+-------------------------------------------
     0 | D:1      | EarthwalkerPL the Minotaur Fighter began the quest for the
                  | Orb.
     0 | D:1      | Reached XP level 1. HP: 19/19 MP: 0/0
   230 | D:1      | Reached XP level 2. HP: 27/27 MP: 1/1
   581 | D:1      | Reached XP level 3. HP: 33/33 MP: 2/2
   947 | D:2      | Found an iron altar of Okawaru.
   953 | D:2      | Became a worshipper of Warmaster Okawaru
  1232 | D:2      | Reached XP level 4. HP: 38/41 MP: 3/3
  2228 | D:3      | Reached XP level 5. HP: 14/47 MP: 4/4
  2464 | D:3      | Found a faded altar of an unknown god.
  2650 | D:4      | Noticed an ogre
  2659 | D:4      | Killed an ogre
  2660 | D:4      | Reached skill level 5 in Fighting
  2660 | D:4      | Reached skill level 5 in Armour
  2693 | D:4      | Reached * piety under Okawaru
  2716 | D:4      | Found a sand-covered staircase.
  2720 | D:4      | Slain by a mummy

Illustrated notes

Levels and vault maps discovered:
D:1:      dpeg_arrival_pond, layout_basic
D:2:      layout_basic, basic_altar
D:3:      layout_rooms, dreamdust_ecumenical_altar_grove
D:4:      layout_rooms, temple_green, gup_ossuary_entry_pyramid,
          gup_sewer_entry_pipe, minmay_vboxes

Skill      XL: |  1  2  3  4  5 |
---------------+----------------+-----
Armour         | 4 5 |  5.2
Axes           | 3 4 |  4.4
Fighting       | 4 5 |  5.1
Shields        | 4 |  4.4

Action                   |  1- 3 |  4- 6 || total
-------------------------+-------+-------++-------
Melee: War axe           |    54 |    87 ||   141
       Headbutt          |     5 |     9 ||    14
Throw: Dart              |       |     3 ||     3
Armor: Scale mail        |    31 |    55 ||    86
Dodge: Dodged            |    29 |    41 ||    70
Block: Buckler           |     9 |    24 ||    33
